 Dungeon Crawl Stone Soup version 0.17-a0-1011-gfa70bdd (webtiles) character file.

246 Sixotanaka the Destroyer (level 6, -2/32 HPs)
             Began as a Tengu Conjurer on May 12, 2015.
             Slain by a goblin
             ... wielding a +0 club
             ... led by Robin
              (4 damage)
             ... on level 3 of the Dungeon on May 13, 2015.
             The game lasted 00:09:41 (3444 turns).

Sixotanaka the Destroyer (Tengu Conjurer)           Turns: 3444, Time: 00:09:41

Health: -2/32      AC:  6    Str:  8    XL:     6   Next: 11%
Magic:  3/10       EV: 12    Int: 18    God:
Gold:   129        SH:  0    Dex: 14    Spells: 2 memorised, 4 levels left

rFire  . . .     SeeInvis .     u - +2 dagger (venom)
rCold  + . .     Clarity  .     v - +2 robe {rC+}
rNeg   . . .     SustAb   .     (no shield)
rPois  .         Gourm    .     (helmet restricted)
rElec  .         Spirit   .     y - +0 cloak
rCorr  .         Warding  .     i - +0 pair of gloves
rMut   .         Stasis   .     (boots unavailable)
MR     .....                    (no amulet)
Stlth  ++........               (no ring)
                                (no ring)

@: not resistant to hostile enchantments, unstealthy
A: beak, talons 3, able to fly 1
a: Fly


You were on level 3 of the Dungeon.
You were not hungry.

You visited 1 branch of the dungeon, and saw 3 of its levels.

You collected 129 gold pieces.


Innate Abilities, Weirdness & Mutations

You have a beak for a mouth.
You have claws for feet.
You can fly.


   Skills:
 - Level 2.1 Dodging
 - Level 2.0 Stealth
 - Level 2.0 Spellcasting
 + Level 9.4 Conjurations


You had 4 spell levels left.
You knew the following spells:

 Your Spells              Type           Power        Failure   Level  Hunger
x - Iskenderun's Mystic   Conj           #####...     4%          4    #####..
z - Magic Dart            Conj           ####         1%          1    #......


Dungeon Overview and Level Annotations

Branches:
Dungeon (3/15)

Altars:

Annotations:
D:3 Robin, Sigmund

Inventory:

Hand weapons
 u - a +2 dagger of venom (weapon)
   (You took it off Jessica on level 2 of the Dungeon)
Missiles
 a - 6 javelins (quivered)
 q - 3 tomahawks
Armour
 i - a +0 pair of gloves (worn)
 v - a +2 robe of cold resistance (worn)
   (You took it off Jessica on level 2 of the Dungeon)
 y - a +0 cloak (worn)
Scrolls
 f - a scroll of magic mapping {unknown}
 g - a scroll of recharging {unknown}
 j - a scroll of teleportation {unknown}
 k - 4 scrolls of identify {unknown}
 m - 6 scrolls of remove curse {unknown}
 n - a scroll of fear {unknown}
 p - a scroll of enchant weapon {unknown}
 s - a scroll of immolation {unknown}
 x - 3 scrolls of enchant armour {unknown}
Potions
 e - 2 potions of magic {unknown}
 h - a potion of lignification {unknown}
 l - a potion of haste {unknown}
 r - 2 potions of heal wounds {unknown}
 t - a potion of curing {unknown}
 w - a potion of flight {unknown}
Books
 b - a book of Conjurations
Comestibles
 c - 4 bread rations
 d - 5 chunks of flesh
 o - a slice of pizza

##...## ##.....## #.#
#..##.# ##...## #g# #...#g#
##+## ... #.#.#.# #.# #.#
##...## #.# #.# ##.##
##.###########.# #.#
#######g..#........#.# #g#
#....g.g....######.#.# #.#
#.###@#...#.##...)...#
#.####.##....g.o....###)###
#..........#####........#
######.....# ##########
#######


You could see Robin, an orc and 3 goblins.


Message History

Robin throws the goblin at you!
Unknown command.
Read which item? (? for menu, Esc to quit)
Okay, then.
You closely miss the goblin. The goblin completely misses you.
A gnoll comes into view. It is wielding a spear.
You can't do that in your present form.
The gnoll misses you.
An orc comes into view. It is wielding a dagger.
The gnoll shouts!
You touch the gnoll.
You blink.
Robin zaps a wand.
You resist with some effort. The goblin hits you but does no damage.
You barely miss the goblin.
Robin roars a battlecry!
The goblin goes into a battle-frenzy!
The goblin misses you.
The goblin shouts! x2
You touch the goblin.
The goblin misses you.
You touch the goblin.
You kill the goblin!
Robin zaps a wand.
You touch Robin.
Your transformation has ended.
Your +2 dagger of venom unmelds from your body.
Your +0 cloak unmelds from your body.
Your +0 pair of gloves unmelds from your body.
Your +2 robe of cold resistance unmelds from your body.
It begins to drip with poison!
You feel resistant to cold. The gnoll hits you but does no damage.
Casting: Iskenderun's Mystic Blast
Aiming: Iskenderun's Mystic Blast
Aim: Robin, wielding a short sword, wearing an animal skin, wearing a glowing helmet and carrying a wand of polymorph {zapped: 4} (moderately wounded)
The orb of energy hits Robin.
The orb of energy explodes!
The mystic blast hits the gnoll.
You kill the gnoll!
You hear a shout!
Robin zaps a wand.
You resist with some effort.
You hit the goblin.
You kill the goblin!
You hit the goblin.
The goblin is poisoned.
Your peck misses the goblin.
You kill the goblin!
Robin zaps a wand.
Nothing appears to happen.
The gnoll hits you from afar with a spear!
* * * LOW HITPOINT WARNING * * *
Robin roars a battlecry!
The goblin goes into a battle-frenzy!
Robin misses you.
You hear a shout!
Unknown command.
The goblin barely misses you. Robin throws the goblin at you!
The goblin barely misses you. The goblin hits you with a dagger.
* * * LOW HITPOINT WARNING * * *
Robin roars a battlecry!
The goblin goes into a battle-frenzy!
The goblin closely misses you. The goblin completely misses you.
The gnoll misses you.
Unknown command.
Robin throws the goblin at you! The goblin misses you.
The goblin hits you but does no damage.
Robin says, "Bow before me, strongest of all the hobgoblins!"
Robin throws the goblin at you!
* * * LOW HITPOINT WARNING * * *
The goblin barely misses you. The goblin hits you with a club.
You die...

Action                   |  1- 3 |  4- 6 || total
-------------------------+-------+-------++-------
Melee: Unarmed           |     1 |     6 ||     7
       Dagger            |       |     8 ||     8
Throw: Stone             |     5 |       ||     5
 Cast: Magic Dart        |    48 |    81 ||   129
       Iskenderun's Myst |       |     4 ||     4
 Stab: Sleeping          |       |     1 ||     1
  Eat: Chunk             |     2 |     7 ||     9
       Beef jerky        |       |     1 ||     1

Vault maps used:
D:1:      dpeg_arrival_snail
D:2:      minmay_unequal, uniq_jessica
D:3:      first_bread, uniq_sigmund, uniq_iyjb, uniq_robin

Notes
Turn   | Place    | Note
--------------------------------------------------------------
     0 | D:1      | Sixotanaka the Tengu Conjurer began the quest for the Orb.
     0 | D:1      | Reached XP level 1. HP: 10/10 MP: 4/4
   443 | D:1      | Reached XP level 2. HP: 15/15 MP: 4/6
   552 | D:1      | Reached skill level 6 in Conjurations
   897 | D:1      | Reached XP level 3. HP: 8/19 MP: 0/7
  1448 | D:2      | zzxc: now that I've played melee deep elf
  1475 | D:2      | zzxc: tengu doesn't seem that bad
  1475 | D:2      | Sixotanaka: lol
  1475 | D:2      | Sixotanaka: ya
  1475 | D:2      | zzxc: good apts everywhere
  1475 | D:2      | Sixotanaka: mmhm
  1475 | D:2      | zzxc: permaflight with ev and speed boost
  1475 | D:2      | zzxc: beaks
  1475 | D:2      | Sixotanaka: ya
  1656 | D:2      | Noticed Jessica
  1668 | D:2      | Killed Jessica
  1668 | D:2      | Reached skill level 7 in Conjurations
  1668 | D:2      | Reached XP level 4. HP: 13/24 MP: 1/8
  2468 | D:2      | Fiveotanaka: splat attack
  2468 | D:2      | zzxc: talps kcatta
  2468 | D:2      | Fiveotanaka: 22 streak, nice nice
  2468 | D:2      | zzxc: now I have retired
  2468 | D:2      | zzxc: at least for a week
  2468 | D:2      | Fiveotanaka: i thought you were gonna say permanently
  2468 | D:2      | Fiveotanaka: i take it uni si in the way?
  2468 | D:2      | zzxc: yes
  2468 | D:2      | zzxc: 5k word assignment due monday nightg
  2468 | D:2      | zzxc: utterly gross
  2468 | D:2      | Fiveotanaka: sounds pretty wordy
  2468 | D:2      | zzxc: im aiming for 2k words
  2468 | D:2      | zzxc: and like 50%
  2468 | D:2      | zzxc: since I dont need much in order to guarantee a pass in this subject
  2468 | D:2      | zzxc: and doing more than that is just a waste of my time
  2468 | D:2      | Fiveotanaka: you mean 2k by the end of the night or 2k for the entire thing?
  2468 | D:2      | zzxc: and effort
  2468 | D:2      | Fiveotanaka: hahah
  2468 | D:2      | Fiveotanaka: im also trying to write something, it might end up being something like 2k words, who knows
  2468 | D:2      | Fiveotanaka: but i have a feeling noone is going to like whats in it
  2468 | D:2      | zzxc: how to win crawl and influence RNG
  2468 | D:2      | Fiveotanaka: mum got back home from the philippines today and has the rest of the week off work so its going to be a bit awkward trying to write stuff when shes asleep/etc
  2468 | D:2      | Fiveotanaka: you can write about that for 2k words
  2468 | D:2      | zzxc: you can do the RNG part
  2468 | D:2      | zzxc: I'll do the winning part
  2468 | D:2      | Fiveotanaka: ill only write the rng part if they reintroduce drinking from fountains
  2468 | D:2      | Sixotanaka: lol
  2468 | D:2      | Sixotanaka: the fiveo technique
  2468 | D:2      | Sixotanaka: drink the fountains dry, dammit!
  2468 | D:2      | Fiveotanaka: fountains should have been bottomless just for me
  2468 | D:2      | Fiveotanaka: push an enemy into the fountain of mutating doom
  2468 | D:2      | zzxc: for someone who loves muts so much
  2468 | D:2      | zzxc: you dont play much of xom
  2468 | D:2      | zzxc: or jiyva
  2468 | D:2      | Sixotanaka: ya u should play some Cks
  2468 | D:2      | Fiveotanaka: ive never really liked xom despite the fact he did some cool things occasionally
  2468 | D:2      | Sixotanaka: lol
  2468 | D:2      | Sixotanaka: dave has to play xom soon
  2468 | D:2      | Fiveotanaka: id love to see it
  2468 | D:2      | zzxc: DgAE GhCK Op Mu
  2468 | D:2      | zzxc: then probably trolls until I break 43
  2468 | D:2      | Sixotanaka: why is "Female Protagonist" a steam genre?
  2468 | D:2      | zzxc: for the feiminist market
  2468 | D:2      | Sixotanaka: dude feminists dont even play games
  2468 | D:2      | zzxc: it's probably useful as a tag for books and stuff
  2468 | D:2      | zzxc: but it's obviously not a genre
  2468 | D:2      | Sixotanaka: anita sarkeesian told people to go buy a game
  2468 | D:2      | Fiveotanaka: and the roleplayers
  2468 | D:2      | Sixotanaka: and she had 300k+ views of that video
  2468 | D:2      | Sixotanaka: and it literally didn't touch the steam sales/plays
  2468 | D:2      | Sixotanaka: like not even an extra player
  2468 | D:2      | Sixotanaka: over like 2 months was added
  2468 | D:2      | Sixotanaka: she's the spokeswoman for "feminist gamers" too
  2468 | D:2      | Sixotanaka: 282,000 followers on twitter
  2468 | D:2      | Sixotanaka: she tweeted a bunch of shit about it too
  2468 | D:2      | Fiveotanaka: my care factor for whatshername is zero
  2468 | D:2      | Fiveotanaka: besides, not everyone can possibly be like whatshername, no?
  2468 | D:2      | Sixotanaka: lol
  2468 | D:2      | Sixotanaka: true
  2468 | D:2      | Sixotanaka: well, joss whedon deleted his twitter account
  2468 | D:2      | Sixotanaka: because he was getting harassed by 'feminists'
  2468 | D:2      | Sixotanaka: who thought age of ultron was sexist
  2468 | D:2      | Sixotanaka: here's a fun thing
  2468 | D:2      | Sixotanaka: "skeptic James Randi, through his foundation One Million Dollar Paranormal Challenge, has offered a prize of $1 million to anyone who can demonstrate that $7,250 audio cables "are any better than ordinary audio cables""
  2468 | D:2      | Fiveotanaka: there we go, thats your key to $1m lol
  2468 | D:2      | Fiveotanaka: you and dave can figure it out
  2468 | D:2      | Sixotanaka: lol
  2468 | D:2      | Sixotanaka: we just need to develop some supernatural powers
  2468 | D:2      | Sixotanaka: also james randi is fucking awesome
  2468 | D:2      | Sixotanaka: just in general
  2468 | D:2      | Fiveotanaka: never heard of him, what does he do?
  2468 | D:2      | Sixotanaka: he's a magician
  2468 | D:2      | Sixotanaka: and a skeptic
  2468 | D:2      | Sixotanaka: that debunks people who actually think they're doing supernatural shit
  2468 | D:2      | Sixotanaka: instead of tricks and w/e
  2468 | D:2      | Sixotanaka: offers a $1 million prize for anyone who can prove they have supernatural abilities
  2468 | D:2      | Sixotanaka: since 1964
  2468 | D:2      | Fiveotanaka: i take it he hasnt had to give away any money as of yet aye
  2468 | D:2      | Sixotanaka: nope
  2468 | D:2      | Sixotanaka: and like
  2468 | D:2      | Sixotanaka: tonnes of people try
  2468 | D:2      | Sixotanaka: all time thime
  2468 | D:2      | Fiveotanaka: heh
  2468 | D:2      | Fiveotanaka: looks like his IQ must be off the charts
  2468 | D:2      | Fiveotanaka: as well as his BS detector
  2468 | D:2      | Sixotanaka: lol
  2468 | D:2      | Sixotanaka: yeah he did a ted talk
  2468 | D:2      | Sixotanaka: where he ate an entire thing of homeopathic sleeping pills
  2468 | D:2      | Sixotanaka: at the start
  2468 | D:2      | Sixotanaka: lol
  2468 | D:2      | Sixotanaka: i'm doing akinator
  2468 | D:2      | Sixotanaka: the 20 questions guessing thing
  2468 | D:2      | Sixotanaka: with crawl characters
  2468 | D:2      | Fiveotanaka: it winning?
  2468 | D:2      | Sixotanaka: god no
  2468 | D:2      | Sixotanaka: would you consider a scythe "a blade"?
  2468 | D:2      | Sixotanaka: "Does your character wield a blade"
  2468 | D:2      | Fiveotanaka: well, what would you classify a scythe as?
  2468 | D:2      | Sixotanaka: i said yes to that
  2468 | D:2      | Sixotanaka: apparently sigmund is the old man in terraria
  2468 | D:2      | Sixotanaka: HOLY FUCK
  2468 | D:2      | Sixotanaka: it got it
  2468 | D:2      | Sixotanaka: 35 questions
  2468 | D:2      | zzxc: haha
  2468 | D:2      | Sixotanaka: didn't get xtahua tho
  2468 | D:2      | Sixotanaka: noob
  2468 | D:2      | zzxc: what
  2468 | D:2      | zzxc: a dragon?
  2468 | D:2      | Sixotanaka: no idea
  2468 | D:2      | Sixotanaka: how i closed the tab
  2468 | D:2      | Sixotanaka: apparently rupert is buck from far cry 3
  2468 | D:2      | zzxc: where are you getting this
  2468 | D:2      | Sixotanaka: http://en.akinator.com/
  2468 | D:2      | Sixotanaka: does rupert have an obsession with nicholas cage?
  2468 | D:2      | zzxc: lol
  2468 | D:2      | zzxc: but
  2468 | D:2      | zzxc: how on earth
  2468 | D:2      | zzxc: is it gonna guess a char from an obscure game
  2468 | D:2      | Sixotanaka: zulf from bastion
  2468 | D:2      | Sixotanaka: it got sigmund
  2468 | D:2      | zzxc: well
  2468 | D:2      | Sixotanaka: XDDD
  2468 | D:2      | zzxc: even that is remarkable
  2468 | D:2      | zzxc: but how is it gonna know rupert
  2468 | D:2      | Sixotanaka: lol
  2468 | D:2      | Sixotanaka: idk
  2468 | D:2      | zzxc: imagine the zillions of chars
  2468 | D:2      | zzxc: you'd have to have in the database
  2468 | D:2      | zzxc: before it'd be likely to have rupert
  2468 | D:2      | Sixotanaka: lol
  2468 | D:2      | Sixotanaka: it has a shitload
  2468 | D:2      | zzxc: although
  2468 | D:2      | zzxc: actually
  2468 | D:2      | zzxc: you might be able to implement a learning mechanism
  2468 | D:2      | zzxc: so that it learns from failed games
  2468 | D:2      | zzxc: assuming players aren't just trolling answers
  2468 | D:2      | Sixotanaka: yes
  2468 | D:2      | Sixotanaka: it does
  2468 | D:2      | Sixotanaka: actualy
  2468 | D:2      | zzxc: well
  2468 | D:2      | zzxc: I'd like nothing better than to play this game all day
  2468 | D:2      | Sixotanaka: brain of cthulu
  2468 | D:2      | Sixotanaka: first guess for oof
  2468 | D:2      | Sixotanaka: wisp from warcraft
  2468 | D:2      | Sixotanaka: second guess
  2468 | D:2      | Sixotanaka: "do orbs of fire live in the australian bush"
  2468 | D:2      | Sixotanaka: I FUCKING HOPE NOT
  2468 | D:2      | Sixotanaka: ok it failed
  2468 | D:2      | Sixotanaka: i'm gonna bed anyway
  2468 | D:2      | Sixotanaka: too tired
  2468 | D:2      | Sixotanaka: night guys
  2468 | D:2      | Sixotanaka: ♥
  2468 | D:2      | Upgraded the game from 0.17-a0-996-ge445d5e to 0.17-a0-1011-gfa70bdd
  2619 | D:2      | Reached skill level 8 in Conjurations
  2652 | D:2      | Learned a level 4 spell: Iskenderun's Mystic Blast
  2699 | D:3      | Noticed FishServ's ghost (average HaAr)
  2734 | D:3      | Killed FishServ's ghost
  2734 | D:3      | Gained mutation: You can fly. [Tengu growth]
  2734 | D:3      | Reached XP level 5. HP: 16/28 MP: 0/9
  2934 | D:3      | Reached skill level 9 in Conjurations
  3232 | D:3      | Reached XP level 6. HP: 32/32 MP: 8/10
  3273 | D:3      | Noticed Sigmund
  3344 | D:3      | Noticed Robin
  3354 | D:3      | HP: 7/32 [goblin/club[Robin] (2)]
  3360 | D:3      | HP: 5/32 [goblin/stone[Robin] (3)]
  3430 | D:3      | HP: 3/32 [gnoll/spear (8)]
  3437 | D:3      | HP: 3/32 [goblin/dagger[Robin] (1)]
  3443 | D:3      | HP: 2/32 [Robin/goblin (1)]
  3444 | D:3      | Slain by a goblin

Vanquished Creatures
  The ghost of FishServ the Cutter, an average HaAr of Makhleb (D:3)
  Jessica (D:2)
  6 gnolls
  3 adders
  An ooze (D:2)
  2 worms (D:2)
  A giant gecko (D:2)
  12 goblins
  6 hobgoblins
  6 bats
  5 giant cockroaches
  3 giant newts
  3 jackals (D:1)
  6 kobolds
  2 rats
58 creatures vanquished.
